 Dungeon Crawl Stone Soup version 0.29.0-5-ge4962eb29e (webtiles) character file.

Game seed: 5574442782400696006

904 kd29 the Changer (level 8, -13/48 HPs)
             Began as an Octopode Transmuter on Aug 28, 2022.
             Mangled by a two-headed ogre
             ... wielding a +0 giant club
              (36 damage)
             ... on level 5 of the Dungeon.
             The game lasted 00:11:02 (6643 turns).

kd29 the Changer (Octopode Transmuter)              Turns: 6643, Time: 00:11:03

Health: -13/48     AC:  1    Str: 12    XL:     8   Next: 8%
Magic:  13/14      EV: 13    Int: 23    God:
Gold:   161        SH:  5    Dex: 12    Spells: 8/15 levels left

rFire   . . .      SeeInvis .   j - +2 spear (venom)
rCold   . . .      Faith    .   (no shield)
rNeg    + . .      Spirit   .   (helmet currently unavailable)
rPois   .          Reflect  +   f - amulet of reflection
rElec   .          Harm     .   n - ring of Irghe Ofu {rN+ Str+2 Int+6}
rCorr   .          Rampage  .   (no ring)
Will    .....                   (no ring)
Stlth   ++........              (no ring)
HPRegen 0.16/turn               (no ring)
MPRegen 0.14/turn               (no ring)
                                (no ring)
                                (no ring)

@: appendages
A: tentacle spike 3, almost no armour, amphibious, 8 rings, camouflage 1,
gelatinous body 1, (nimble swimmer 1), tentacles
a: End Transformation


You were on level 5 of the Dungeon.
One of your tentacles had grown a beastly spike.
You visited 1 branch of the dungeon, and saw 6 of its levels.

You collected 161 gold pieces.

Inventory:

Hand Weapons
 b - a +0 short sword
 j - a +2 spear of venom (weapon)
Jewellery
 f - an amulet of reflection (around mantle)
 n - the ring of Irghe Ofu (left tentacle) {rN+ Str+2 Int+6}
   (You found it on level 4 of the Dungeon)

   [ring of intelligence]

   Str:       It affects your strength (+2).
   Int:       It affects your intelligence (+6).
   rN:        It protects you from negative energy.
Wands
 m - a wand of digging (7)
 r - a wand of polymorph (8)
Scrolls
 a - 2 scrolls of teleportation
 e - a scroll of blinking
 g - a scroll of fear {unknown}
 h - a scroll of vulnerability {unknown}
 o - a scroll of poison {unknown}
 s - a scroll of magic mapping {unknown}
Potions
 c - a potion of resistance {unknown}
 d - 2 potions of invisibility
 i - a potion of might {unknown}
 k - a potion of cancellation {unknown}
 l - a potion of heal wounds
 p - 2 potions of flight
 q - a potion of degeneration {unknown}


   Skills:
 - Level 1.0 Fighting
 - Level 2.0 Dodging
 - Level 3.0 Unarmed Combat
 + Level 4.3 Spellcasting
 * Level 6.4 Transmutations
 * Level 4.5 Ice Magic


You had 8 spell levels left.
You knew the following spells:

 Your Spells              Type           Power      Damage    Failure   Level
a - Beastly Appendage     Tmut           68%        N/A       1%          1
b - Wereblood             Tmut           34%        N/A       1%          2
c - Ice Form              Ice/Tmut       30%        N/A       11%         4

Your spell library contained the following spells:

 Spells                   Type           Power      Damage    Failure   Level
 Spider Form              Tmut/Pois      19%        N/A       9%          3
 Shock                    Conj/Air       16%        1d4       11%         1
 Slow                     Hex            16%        N/A       11%         1
 Ignite Poison            Fire/Tmut/Pois 14%        N/A       13%         3
 Confusing Touch          Hex            4%         N/A       30%         3
 Mephitic Cloud           Conj/Pois/Air  4%         N/A       30%         3
 Swiftness                Air            4%         N/A       30%         3
 Vampiric Draining        Necr           4%         2d6       30%         3
 Airstrike                Air            2%         2d(1-17)  71%         4
 Freezing Cloud           Conj/Ice/Air   5%         6-21      83%         5


Dungeon Overview and Level Annotations

Branches:
Dungeon (6/15)
 Temple: D:4-7

Altars:
Nemelex Xobeh
Vehumet
Wu Jian

Shops:
D:3 =

Annotations:
D:5 2 transporters, Edmund; Prince Ribbit; SigmundSlayer's ghost, novice DsFi


Innate Abilities, Weirdness & Mutations

One of your tentacles has grown a beastly spike.
You cannot wear most types of armour.
You are amphibious.
You can wear up to eight rings at the same time.
Your skin changes colour to match your surroundings (Stealth+).
Your rubbery body absorbs attacks. (AC +1, EV +1)
((You are camouflaged when in or above water. (Stealth+)))
You have tentacles for arms and can constrict up to eight enemies at once.


Message History

The hound is almost dead.
You constrict the hound.
You kill the hound!
No target in view!
No target in view!
You see here a hound corpse.
Your transformation is almost over.
Your tentacle spike disappears.
The two-headed ogre shouts in stereo!
A two-headed ogre is nearby!
A two-headed ogre is nearby!
One of your tentacles grows a vicious spike.
The two-headed ogre barely misses you.
The two-headed ogre hits you with a +0 giant club!!
Ouch! That really hurt!
You are too injured to fight recklessly!
You are too injured to fight recklessly!
You are too injured to fight recklessly!
You are too injured to fight recklessly!
You are too injured to fight recklessly!
You are too injured to fight recklessly!
You are too injured to fight recklessly!
You are too injured to fight recklessly!
You are too injured to fight recklessly!
You are too injured to fight recklessly!
You are too injured to fight recklessly!
You are too injured to fight recklessly!
You hit the two-headed ogre.
You pierce the two-headed ogre.
You squeeze the two-headed ogre!
The two-headed ogre is moderately wounded.
You block the two-headed ogre's attack. x2
You hit the two-headed ogre.
The two-headed ogre is poisoned.
You pierce the two-headed ogre.
You squeeze the two-headed ogre!
The two-headed ogre is severely wounded.
You completely miss the two-headed ogre.
Your tentacle spike misses the two-headed ogre.
The two-headed ogre is severely wounded.
The two-headed ogre hits you with a +0 giant club!!!
Ouch! That really hurt!
You die...

§§§§≈§...#
#.#
≈§≈§.≈...#
#.#
§§≈≈...#.#
#.#
[........#
#.#
..##.#.###
#.#
.###...#
#.#
.#####.#
#.#
.......#
#.#
########
#@# #..O.#
#.#### #.#
#########
#.#
........#
#.#
#######.#
#.# #.#
#.# #.#
#.#


You could see a two-headed ogre (very poisoned).

Vanquished Creatures
  Eustachio (D:5)
  An ogre (D:5)
  A necrophage (D:5)
  A scorpion (D:5)
  A killer bee (D:5)
  A howler monkey (D:5)
  2 hounds
  2 jellies
  2 orc priests (D:3)
  2 orc wizards (D:4)
  7 gnolls
  4 adders
  A white imp (D:5)
  2 worms
  2 dart slugs
  13 orcs
  9 ball pythons
  11 endoplasms
  8 giant cockroaches
  8 hobgoblins
  8 jackals
  4 quokkas
  9 bats
  5 frilled lizards
  3 goblins
  8 kobolds
  25 rats
141 creatures vanquished.

Vanquished Creatures (others)
  A plant (D:2)
1 creature vanquished.

Grand Total: 142 creatures vanquished

Notes
Turn   | Place    | Note
-------+----------+-------------------------------------------
     0 | D:1      | kd29 the Octopode Transmuter began the quest for the Orb.
     0 | D:1      | Reached XP level 1. HP: 13/13 MP: 3/3
    71 | D:1      | Found a faded altar of an unknown god.
   100 | D:1      | Reached XP level 2. HP: 16/18 MP: 3/5
   106 | D:1      | Learned a level 2 spell: Wereblood
   498 | D:1      | Reached skill level 3 in Transmutations
   548 | D:1      | Reached XP level 3. HP: 20/23 MP: 6/6
  1133 | D:2      | Reached XP level 4. HP: 19/28 MP: 6/8
  1645 | D:2      | Reached skill level 4 in Transmutations
  2293 | D:3      | Found Xofat's Jewellery Boutique.
  2350 | D:3      | Reached XP level 5. HP: 33/33 MP: 6/9
  2419 | D:3      | Learned a level 4 spell: Ice Form
  2489 | D:3      | Reached skill level 1 in Ice Magic
  2490 | D:3      | HP: 1/33 [orc/+0 dagger (3)]
  2707 | D:3      | Found a radiant altar of Vehumet.
  3239 | D:4      | Identified the ring of Irghe Ofu {rN+ Str+2 Int+6}
  3535 | D:4      | Reached XP level 6. HP: 38/38 MP: 9/11
  3941 | D:4      | Found a sparkling altar of Nemelex Xobeh.
  4055 | D:4      | Reached skill level 5 in Transmutations
  4342 | D:5      | Entered Level 5 of the Dungeon
  4373 | D:5      | Noticed Eustachio
  4374 | D:5      | Noticed Prince Ribbit
  4837 | D:5      | Found a transporter.
  4837 | D:5      | Noticed SigmundSlayer's ghost (novice DsFi)
  4838 | D:5      | Found a transporter.
  4850 | D:5      | Reached XP level 7. HP: 31/43 MP: 12/12
  5140 | D:5      | Noticed Edmund
  5475 | D:5      | Noticed a two-headed ogre
  5611 | D:6      | HP: 2/43 [something (12)]
  5948 | D:5      | Reached skill level 6 in Transmutations
  6132 | D:5      | Found an ornate altar of the Wu Jian Council.
  6481 | D:5      | Killed Eustachio
  6482 | D:5      | Reached XP level 8. HP: 34/48 MP: 14/14
  6643 | D:5      | Mangled by a two-headed ogre

Illustrated notes

Levels and vault maps discovered:
D:1:      eino_arrival_tree_alley, layout_rooms, ebering_ecumenical_altar_webs
D:2:      layout_loops_ring, st_stairs_8, serial_bayou_pond_e, dk_vineyard_2
D:3:      layout_loops_ring, overflow_temple_1_default, serial_shops, shop,
          minmay_rat_hole
D:4:      layout_basic, mainiacjoe_overflow_alcove_4
D:5:      layout_loops_ring, mainiacjoe_overflow_small_starburst,
          gammafunk_ghost_arena, st_stairs_2, minmay_manual_mail, uniq_edmund,
          uniq_eustachio, uniq_prince_ribbit1
D:6:      layout_rooms, hex_intersection, amethyst_killhole

Skill      XL: |  1  2  3  4  5  6  7 |
---------------+----------------------+-----
Transmutations | 3 4 5 6 |  6.4
Spellcasting   | 3 4 |  4.3
Ice Magic      | 1 3 4 |  4.5
Fighting       | |  1.0
Dodging        | |  2.0
Unarmed Combat | |  3.0

Action                   |  1- 3 |  4- 6 |  7- 9 || total
-------------------------+-------+-------+-------++-------
Melee: Short sword       |    69 |       |       ||    69
       Tentacles         |    19 |    14 |     7 ||    40
       Constrict         |    16 |    36 |    12 ||    64
       Kick              |    19 |    30 |    21 ||    70
       Punch             |     2 |     2 |     1 ||     5
       Spear             |    10 |   159 |    55 ||   224
 Cast: Beastly Appendage |    23 |    25 |    16 ||    64
       Wereblood         |     1 |     6 |     2 ||     9
  Use: Potion            |       |     5 |     1 ||     6
       Scroll            |       |     2 |     1 ||     3
 Stab: Sleeping          |     5 |     9 |     1 ||    15
Armor: Skin              |     7 |     9 |     3 ||    19
Dodge: Dodged            |    49 |    64 |    21 ||   134
Block: Other             |       |    12 |     8 ||    20
